 Dungeon Crawl Stone Soup version 0.19.0-9-gfd783f2 (webtiles) character file.

56 AAAAA the Sneak (level 3, -5/24 HPs)
             Began as an Octopode Warper on Nov 7, 2016.
             Was an Initiate of the Shining One.
             Killed by nerve-wracking pain
             ... invoked by Grinder
              (7 damage)
             ... while paralysed by Grinder
             ... on level 3 of the Dungeon.
             The game lasted 00:03:56 (881 turns).

AAAAA the Sneak (Octopode Warper)                    Turns: 881, Time: 00:03:56

Health: -5/24      AC:  3    Str: 10    XL:     3   Next: 97%
Magic:  5/6        EV:  2    Int: 18    God:    the Shining One [......]
Gold:   121        SH:  0    Dex: 12    Spells: 1 memorised, 4 levels left

rFire  . . .     SeeInvis .       - Unarmed
rCold  . . .     Gourm    .     (no shield)
rNeg   . . .     Faith    .     e - +2 hat {Int+3}
rPois  .         Spirit   .     (no amulet)
rElec  .         Reflect  .     (no ring)
rCorr  .         Harm     .     (no ring)
MR     .....                    (no ring)
Stlth  ++........               (no ring)
                                (no ring)
                                (no ring)
                                (no ring)
                                (no ring)

@: paralysed, glowing
A: almost no armour, stealthy swim, amphibious, 8 rings, constrict 8, camouflage
1, gelatinous body 1
a: Renounce Religion


You were on level 3 of the Dungeon.
You worshipped the Shining One.
The Shining One was noncommittal.
You were not hungry.

You visited 1 branch of the dungeon, and saw 3 of its levels.

You collected 121 gold pieces.

Inventory:

Missiles
 c - 3 tomahawks of dispersal (quivered)
 i - 52 stones
Armour
 e - a +2 hat of intelligence (worn)
Scrolls
 b - a scroll of blinking
 f - a scroll of teleportation {unknown}
 k - a scroll of magic mapping {unknown}
 m - a scroll of identify {unknown}
 o - a scroll of enchant armour {unknown}
Books
 a - a book of Spatial Translocations

   Spells                             Type                      Level
   a - Blink                          Translocation                2
   b - Shroud of Golubria             Charms/Translocation         2
   c - Lesser Beckoning               Translocation                3
   d - Portal Projectile              Translocation                3
   e - Teleport Other                 Translocation                3
   f - Passage of Golubria            Translocation                4
Comestibles
 d - 3 bread rations
 g - 3 chunks of flesh
 j - a slice of pizza
 n - a meat ration


   Skills:
 - Level 2.0 Fighting
 - Level 1.0 Throwing
 - Level 2.3 Dodging
 - Level 5.0 Stealth
 + Level 2.0 Unarmed Combat
 - Level 2.0 Spellcasting
 - Level 3.0 Translocations


You had 4 spell levels left.
You knew the following spells:

 Your Spells              Type           Power        Failure   Level  Hunger
a - Blink                 Tloc           N/A          10%         2    ###....


Dungeon Overview and Level Annotations

Branches:
Dungeon (3/15)

Altars:
Trog
Uskayaw
Zin
The Shining One

Annotations:
D:3 Grinder


Innate Abilities, Weirdness & Mutations

You cannot wear most types of armour.
You are very stealthy in the water. (Stealth+)
You are amphibious.
You can wear up to eight rings at the same time.
You can use your tentacles to constrict eight enemies at once.
Your skin changes colour to match your surroundings (Stealth+).
Your rubbery body absorbs attacks. (AC +1, EV +1)


Message History

You constrict Grinder. Grinder hits you.
* * * LOW HITPOINT WARNING * * *
You writhe in agony.
* * * LOW HITPOINT WARNING * * *
You aren't carrying any potions.
Unknown command.
Okay, then.
You release your grip on Grinder.
Okay, then.
There is a stone staircase leading up here.
Casting: Blink
Confirm with . or Enter, or press ? or * to list all spells.
You blink.
Found 18 gold pieces.
There is a stone staircase leading up here.
Grinder gestures at you.
You suddenly lose the ability to move!
Grinder gestures at you. Pain shoots through your body!
You die...

.# # #. .######..
........ #.....
##....###
####..#....#
#....###.#.......
#..@..#####...
##.####5.....##
#..#5...######
#....#### #...###
......## .....###
..... ....$


You could see Grinder.

Vanquished Creatures
  2 gnolls (D:2)
  An adder (D:2)
  2 dart slugs (D:2)
  4 bats (D:1)
  3 giant cockroaches
  A goblin (D:2)
  3 hobgoblins
  A ball python (D:2)
  2 frilled lizards
  3 kobolds
  3 rats
25 creatures vanquished.

Notes
Turn   | Place    | Note
-------+----------+-------------------------------------------
     0 | D:1      | AAAAA the Octopode Warper began the quest for the Orb.
     0 | D:1      | Reached XP level 1. HP: 14/14 MP: 3/3
    65 | D:1      | Reached skill level 1 in Stealth
   123 | D:1      | Reached skill level 2 in Stealth
   213 | D:1      | Reached XP level 2. HP: 15/19 MP: 5/5
   225 | D:1      | Learned a level 2 spell: Blink
   302 | D:1      | Reached skill level 3 in Stealth
   460 | D:2      | Found a glowing golden altar of the Shining One.
   474 | D:2      | Reached XP level 3. HP: 24/24 MP: 6/6
   486 | D:2      | Found a glowing silver altar of Zin.
   491 | D:2      | Found a bloodstained altar of Trog.
   494 | D:2      | Found a hide-covered altar of Uskayaw.
   543 | D:2      | Reached skill level 4 in Stealth
   557 | D:2      | Became a worshipper of the Shining One
   792 | D:2      | Reached skill level 5 in Stealth
   856 | D:3      | Noticed Grinder
   866 | D:3      | HP: 1/24 [Grinder (1)]
   880 | D:3      | Paralysed by Grinder for 6 turns
   881 | D:3      | Killed from afar by Grinder

Skill      XL: |  1  2  3 |
---------------+----------+-----
Stealth        | 2 3 5 |  5.0
Fighting       | |  2.0
Throwing       | |  1.0
Dodging        | |  2.3
Unarmed Combat | |  2.0
Spellcasting   | |  2.0
Translocations | |  3.0

Action                   || total
-------------------------++-------
Melee: Unarmed           ||    67
       Constrict         ||    17
       Tentacles         ||    15
       Punch             ||     1
Throw: Tomahawk          ||     2
 Cast: Blink             ||     1
  Use: Potion            ||     2
 Stab: Sleeping          ||     5
Armor: Skin              ||    10
Dodge: Dodged            ||    42
